 Dungeon Crawl Stone Soup version 0.31-a0-702-gf82c85558f (webtiles) character file.

Game seed: 16292000504288505167

217458 qw the Crack Shot (level 19, -6/132 HPs)
             Began as a Gargoyle Hunter on Sept 7, 2023.
             Was an Elder of Okawaru.
             Mangled by a vault guard
             ... wielding a +0 halberd
             ... led by a vault warden
              (27 damage)
             ... on level 2 of the Vaults.
             The game lasted 00:11:08 (27093 turns).

qw the Crack Shot (Gargoyle Hunter)                Turns: 27093, Time: 00:11:08

Health: -6/132     AC: 32    Str: 13 (17) XL:     19   Next: 8%
Magic:  26/26      EV: 29    Int:  6 (10) God:    Okawaru [****..]
Gold:   962        SH:  0    Dex: 25      Spells: 18/18 levels left

rFire   + . .        a - +27 heavy crossbow "Sniper" {heavy, Acc+∞ SInv}
rCold   + . .        (shield currently unavailable)
rNeg    + . .        o - +3 ring mail of Least Resistance {rElec rCorr Slay+2 Stlth-}
rPois   inf          B - +1 helmet of Dejufer {Regen+ rCorr}
rElec   +            v - scarf of the Charming Gods {rC+ rF+, rElec}
rCorr   +            s - +2 pair of gloves
SInv    +            w - +2 pair of boots
Will    +....        p - amulet of faith
Stlth   ++           E - +6 ring of dexterity
HPRegen 1.22/turn    c - +5 ring of evasion
MPRegen 0.20/turn

%: faith
@: about to teleport, heroic, corroded, flying
A: sickness immunity, AC +14, big wings, negative energy resistance 1,
electricity resistance, torment resistance 1, petrification resistance
}: 1/15 runes: decaying
a: Renounce Religion, Heroism, Finesse


You were on level 2 of the Vaults.
You worshipped Okawaru.
Okawaru was greatly pleased with you.
You visited 7 branches of the dungeon, and saw 32 of its levels.

You collected 3246 gold pieces.
You spent 2284 gold pieces at shops.


Innate Abilities, Weirdness & Mutations

You are immune to sickness and miasma.
Your stone body is resilient. (AC +14)
You are immune to poison.
Your large and strong wings let you fly.
You resist negative energy. (rN+)
You are resistant to electric shocks. (rElec)
You are resistant to unholy torment.
You are immune to petrification.


   Skills:
 + Level 19.1(24.1) Fighting
 - Level 22.0(27) Ranged Weapons
 - Level 12.0(17.0) Armour
 - Level 12.0(17.0) Dodging
 - Level 1.1(6.1) Stealth
 - Level 10.0 Invocations


You had 18 spell levels left.
You didn't know any spells.
Your spell library was empty.

Inventory:

Hand Weapons
 a - the +27 heavy crossbow "Sniper" (weapon) {heavy, Acc+∞ SInv}
   (You acquired it on level 4 of the Dungeon)

   Acc+∞: It never misses its target.
   SInv:      It lets you see invisible.
Armour
 b - the +0 cloak "Judumef" {Str+4}
   (Okawaru gifted it to you on level 9 of the Dungeon)

   Str+4:     It affects your strength (+4).
 o - the +3 ring mail of Least Resistance (worn) {rElec rCorr Slay+2 Stlth-}
   (You found it on level 5 of the Dungeon)

   Slay+2:    It affects your accuracy & damage with ranged weapons and melee
   (+2).
   rElec:     It insulates you from electricity.
   rCorr:     It protects you from acid and corrosion.
   Stlth-:    It makes you less stealthy.
 s - a +2 pair of gloves (worn)
 u - the scarf "Bucyines" {harm, rElec Int-4 Dex+6}
   (Okawaru gifted it to you on level 12 of the Dungeon)

   Int-4:     It affects your intelligence (-4).
   Dex+6:     It affects your dexterity (+6).
   rElec:     It insulates you from electricity.
 v - the scarf of the Charming Gods (worn) {rC+ rF+, rElec}
   (Okawaru gifted it to you on level 4 of the Lair of Beasts)

   rElec:     It insulates you from electricity.
 w - a +2 pair of boots (worn)
 z - a +3 ring mail of cold resistance
 A - a +3 leather armour of fire resistance
 B - the +1 helmet of Dejufer (worn) {Regen+ rCorr}
   (You bought it in a shop on level 2 of the Orcish Mines)

   Regen+:    It increases your rate of health regeneration.
   rCorr:     It protects you from acid and corrosion.
Jewellery
 c - a +5 ring of evasion (right hand)
 m - a ring of protection from fire
 p - an amulet of faith (around neck)
 y - an amulet of the acrobat
 E - a +6 ring of dexterity (left hand)
Wands
 q - a wand of digging (22)
Scrolls
 e - 9 scrolls of identify
 f - 7 scrolls of teleportation
 n - 3 scrolls of enchant armour
 t - a scroll of brand weapon
 x - 2 scrolls of enchant weapon
Potions
 d - 10 potions of enlightenment
 g - 8 potions of might
 h - a potion of magic
 i - 6 potions of haste
 j - 9 potions of curing
 k - 5 potions of cancellation
 l - 4 potions of resistance
 r - 3 potions of mutation
 C - a potion of heal wounds

Dungeon Overview and Level Annotations

Branches:
Dungeon (15/15)            Temple (1/1) D:4            Lair (5/5) D:10
  Swamp (4/4) Lair:2        Snake (3/4) Lair:3        Slime (0/5) Lair:4
    Orc (2/2) D:10            Elf (0/3) Orc:2        Vaults (2/5) D:13
 Depths (0/4) D:15
  Crypt: Vaults:2-3

Altars:
Ashenzari
Cheibriados
Dithmenos
Elyvilon
Fedhas
Gozag
Hepliaklqana
Kikubaaqudgha
Makhleb
Nemelex Xobeh
Okawaru
Qazlal
Ru
Sif Muna
Trog
Uskayaw
Vehumet
Wu Jian
Xom
Yredelemnul
Zin
The Shining One
Jiyva

Shops:
D:1 [   D:14 :   Orc:2 (*=[   Snake:3 :   Vaults:2 [(

Annotations:
D:8 4 runed translucent doors
D:9 1 runed translucent door, qw's ghost, novice MiHs
D:13 1 runed translucent door, qw's ghost, journeyman GrHu
Lair:3 3 runed translucent doors, qw's ghost, journeyman GrHu
Swamp:2 3 runed translucent doors, qw's ghost, adept GrHu
Orc:1 1 runed translucent door
Vaults:2 Frederick


Message History

The vault warden is almost dead.
The vault warden hits you with a +0 war axe!!
The vault warden barely misses you.
You shoot a bolt. The bolt hits the vault warden!!!!
You kill the vault warden!
Okawaru accepts your kill.
You hear a loud "Zot"! x2
The power of Zot is invoked against you!
You suddenly lose the ability to move!
The vault guard hits you from afar with a +0 halberd! x2
The vault guard hits you but does no damage.
Frederick hits you with a +2 heavy battleaxe.
The vault guard hits you but does no damage.
Frederick hits you with a +2 heavy battleaxe!
The vault guard hits you from afar with a +0 halberd!
The ironbound convoker gestures at the vault guard while chanting.
The vault guard seems to grow stronger.
The vault guard hits you but does no damage.
Frederick completely misses you.
You can move again.
You shoot a bolt. The bolt hits Frederick!
Frederick is lightly wounded.
The vault guard barely misses you. Frederick closely misses you.
The vault guard completely misses you.
You shoot a bolt. The bolt hits Frederick!!!
Frederick is heavily wounded.
Frederick hits you with a +2 heavy battleaxe!!
The vault guard completely misses you.
You shoot a bolt. The bolt hits Frederick.
Frederick is heavily wounded.
The ironbound convoker casts a spell at the vault guard.
The vault guard seems to grow stronger.
The vault guard hits you from afar with a +0 halberd.
Frederick hits you but does no damage.
The vault guard hits you from afar with a +0 halberd!!
27093 ||| READING 8 scrolls of teleportation.
As you read the scroll of teleportation, it crumbles to dust.
You feel strangely unstable.
The vault guard hits you from afar with a +0 halberd!!
You die...

##########################
..........................
.................................
....########............)........
....#......#....7..........\.....
##..#......#.....................
.#..#......#...7\...............#
.#..#...<..#.##.@#########......#
.+..#......#.#..7@p......#......#
.#..#......#.#...pp......#......#
.#..#......#.#.....).....'......#
.#..#......#.#...........#......#
##..'......#.#...........#......#
....#......#.#...........#....9.#
....########.#############......#
.................................


You could see Frederick (strong), 2 vault guards and an ironbound convoker.

Vanquished Creatures
  A bone dragon (Swamp:4)
  Rupert (D:15)
  Jorgrun (Swamp:2)
  An eldritch tentacle (Vaults:2)
  Agnes (Snake:1)
  Frances (D:14)
  Kirke (Swamp:4)
  A thorn hunter (Swamp:4)
  A nagaraja (Snake:2)
  Aizul (Snake:1)
  A fire giant (D:15)
  Donald (Swamp:4)
  2 fenstrider witches
  4 vault wardens
  Louise (Snake:1)
  3 orc warlords
  3 ironbound preservers
  An ironbound thunderhulk (Vaults:1)
  Nessos (D:15)
  4 dire elephants (Vaults:1)
  2 eleionomae (Swamp:2)
  9 bunyips
  An ettin (Vaults:1)
  Snorg (Lair:5)
  A fire dragon (Lair:5)
  An entropy weaver (Vaults:1)
  3 yaktaur captains (Vaults:1)
  A rakshasa (D:15)
  8 vault guards (D:13)
  4 ghost crabs
  A catoblepas (D:13)
  11 hydras
  4 boulder beetles
  An ogre mage (D:15)
  6 centaur warriors
  2 ironbound frosthearts (Vaults:1)
  11 alligators
  6 anacondas
  A salamander tyrant (Snake:2)
  3 death knights
  8 death yaks
  8 two-headed ogres
  Urug (D:12)
  6 naga warriors
  An orc high priest (Orc:2)
  10 naga sharpshooters
  2 spriggan berserkers (Swamp:4)
  10 spriggans
  Amaemon (Lair:3)
  6 shock serpents
  Nergalle (Orc:2)
  4 skeletal warriors (D:15)
  A skyshark (Lair:2)
  A salamander mystic (Snake:2)
  A deep troll (Vaults:2)
  3 goliath frogs
  2 spriggan druids
  7 swamp dragons
  9 bog bodies
  A death drake (Swamp:4)
  3 ironbound convokers (Vaults:1)
  2 wizards
  A harpy (Vaults:1)
  2 spectral hydras (Swamp:4)
  5 orc knights
  3 alligator zombies (Swamp:4)
  3 phantasmal warriors
  A naga ritualist (Snake:1)
  An oklob plant (Lair:2)
  A necromancer (Vaults:1)
  9 lindwurms (Vaults:1)
  4 deep elf pyromancers
  2 will-o-the-wisps
  5 ugly things
  4 mana vipers
  2 orc sorcerers
  5 cyclopes
  6 salamanders
  4 manticores
  11 elephants
  4 vault sentinels
  A stone giant skeleton (Vaults:1)
  2 guardian serpents
  Joseph (Lair:1)
  A gargoyle (D:11)
  11 cane toads
  2 torpor snails
  6 naga magi
  27 black mambas
  An orange demon (Lair:3)
  5 kobold demonologists
  4 swamp worm zombies (Swamp:4)
  6 yaktaurs (Vaults:1)
  14 komodo dragons
  2 ice devils (Lair:3)
  8 rime drakes
  4 hydra zombies (Swamp:4)
  5 trolls
  13 polar bears
  A blink frog (shapeshifter) (Vaults:1)
  2 bloated husks
  7 tyrant leeches
  5 raiju (Lair:5)
  10 hornets
  25 blink frogs
  4 spectral swamp dragons (Swamp:4)
  2 dream sheep (Lair:5)
  A stone giant simulacrum (Vaults:1)
  2 vampires (D:10)
  16 slime creatures
  7 wyverns
  A shadow (D:11)
  5 wraiths
  3 hogs (Swamp:4)
  40 yaks
  A human (shapeshifter) (D:15)
  2 humans (Swamp:4)
  2 basilisks
  A redback (Vaults:1)
  4 steam dragons
  5 wargs
  13 swamp worms
  13 vampire mosquitoes
  An elf simulacrum (Vaults:1)
  25 nagas
  3 acid dragons
  14 water moccasins
  12 hell hounds (Lair:5)
  8 swamp drakes
  14 black bears
  2 sky beasts
  24 orc warriors
  8 ogres
  3 boggarts (D:14)
  3 swamp dragon zombies (Swamp:4)
  24 wolves
  A human skeleton (Vaults:1)
  10 centaurs
  11 phantoms
  Blork the orc (Orc:2)
  7 kobold brigands
  15 bullfrogs
  3 gnoll sergeants
  2 scorpions (D:5)
  5 wights
  16 killer bees
  A howler monkey (D:5)
  A lava snake (D:9)
  A quasit (D:6)
  5 jellies (Lair:4)
  A gnoll bouda (D:9)
  18 orc priests
  3 sleepcaps (D:6)
  3 hounds
  7 iguanas
  2 spectral swamp drakes (Swamp:4)
  4 hell rats (Lair:3)
  26 orc wizards
  12 adders
  22 gnolls
  4 shadow imps
  5 white imps
  An ufetubus (D:5)
  3 worms
  5 dart slugs
  63 orcs
  4 bats
  9 endoplasms
  2 giant cockroaches (D:4)
  8 hobgoblins
  8 quokkas
  9 ball pythons
  A frilled lizard (D:3)
  13 goblins
  15 kobolds
  6 rats
1028 creatures vanquished.

Vanquished Creatures (others)
  Nikola (Snake:1)
  An anaconda (Snake:1)
  A naga mage (Snake:1)
  A hornet (Swamp:1)
  2 spriggans (Swamp:1)
  9 foxfires (Swamp:2)
15 creatures vanquished.

Grand Total: 1043 creatures vanquished

Notes
Turn   | Place    | Note
-------+----------+-------------------------------------------
     0 | D:1      | qw the Gargoyle Hunter began the quest for the Orb.
     0 | D:1      | Reached XP level 1. HP: 12/12 MP: 1/1
     0 | D:1      | 0 ||| qw: Version: 0.3-a-76-g4403597
     0 | D:1      | 0 ||| qw: Game counter: 900
     0 | D:1      | 0 ||| qw: Melee chars always use a shield: true
     0 | D:1      | 0 ||| qw: God list: Okawaru
     0 | D:1      | 0 ||| qw: Allow faded altars: false
     0 | D:1      | 0 ||| qw: Do Orc after clearing Dungeon:15 true
     0 | D:1      | 0 ||| qw: Do second Lair branch before Depths: true
     0 | D:1      | 0 ||| qw: Lair rune preference: random
     0 | D:1      | 0 ||| qw: Goals: Normal
     0 | D:1      | 0 ||| PLANNING D:1-11
   123 | D:1      | Reached XP level 2. HP: 17/17 MP: 2/2
   241 | D:1      | 241 ||| Stepping ~*~*~tactically~*~*~ (retreating).
   242 | D:1      | 242 ||| Stepping ~*~*~tactically~*~*~ (retreating).
   243 | D:1      | 243 ||| Stepping ~*~*~tactically~*~*~ (retreating).
   244 | D:1      | 244 ||| Stepping ~*~*~tactically~*~*~ (retreating).
   251 | D:1      | Reached XP level 3. HP: 21/21 MP: 3/3
   255 | D:1      | Reached skill level 5 in Ranged Weapons
   597 | D:1      | Found Vuentif's Antique Armour Emporium.
   609 | D:1      | 609 ||| SHOPLISTING cloak (108 gold, have 88).
   609 | D:1      | 609 ||| BUYING embroidered robe (88 gold).
   609 | D:1      | Bought an embroidered robe for 88 gold pieces
   609 | D:1      | 609 ||| SHOPLISTING pair of gloves (108 gold, have 0).
   628 | D:1      | Found a faded altar of an unknown god.
   789 | D:1      | 789 ||| UPGRADING to +2 robe of positive energy.
   799 | D:1      | 799 ||| DROPPING +0 leather armour.
   800 | D:1      | 800 ||| DROPPING amulet of magic regeneration.
   801 | D:1      | 801 ||| UPGRADING to ring of protection from cold.
   802 | D:1      | 802 ||| READING scroll labelled HEKOTSIGUPE.
   803 | D:1      | 803 ||| READING 2 scrolls labelled EMNEAPL HOISM.
   804 | D:1      | 804 ||| READING scroll labelled VINOOLY YROBBA.
   805 | D:1      | 805 ||| DRINKING 2 silvery potions.
   826 | D:1      | 826 ||| DROPPING scroll of butterflies.
   827 | D:1      | 827 ||| DROPPING potion of lignification.
   914 | D:2      | Reached skill level 3 in Fighting
   944 | D:2      | Identified the ring of Uhut {rC+ Will+}
   986 | D:2      | Reached XP level 4. HP: 28/28 MP: 4/4
  1119 | D:2      | 1119 ||| FLEEEEING.
  1120 | D:2      | 1120 ||| FLEEEEING.
  1121 | D:2      | 1121 ||| FLEEEEING.
  1122 | D:2      | 1122 ||| FLEEEEING.
  1123 | D:2      | 1123 ||| FLEEEEING.
  1124 | D:2      | 1124 ||| FLEEEEING.
  1125 | D:2      | 1125 ||| FLEEEEING.
  1126 | D:2      | 1126 ||| FLEEEEING.
  1127 | D:2      | 1127 ||| FLEEEEING.
  1128 | D:2      | 1128 ||| FLEEEEING.
  1129 | D:2      | 1129 ||| FLEEEEING.
  1130 | D:2      | 1130 ||| FLEEEEING.
  1131 | D:2      | 1131 ||| FLEEEEING.
  1132 | D:2      | 1132 ||| FLEEEEING.
  1133 | D:2      | 1133 ||| FLEEEEING.
  1134 | D:2      | 1134 ||| FLEEEEING.
  1135 | D:2      | 1135 ||| FLEEEEING.
  1136 | D:2      | 1136 ||| FLEEEEING.
  1137 | D:2      | 1137 ||| FLEEEEING.
  1327 | D:2      | You fall into a shaft and drop 2 floors!
  1349 | D:4      | 1349 ||| UPGRADING to ring of Uhut {rC+ Will+}.
  1350 | D:4      | 1350 ||| READING scroll labelled WAISUTONTI.
  1351 | D:4      | 1351 ||| READING scroll labelled DAYSIUWISU.
  1371 | D:4      | 1371 ||| READING scroll labelled ZAEN VOFIUMISI.
  1371 | D:4      | Identified a scroll of acquirement
  1371 | D:4      | 1371 ||| ACQUIRING +27 heavy crossbow "Sniper" {heavy,
                  | Acc+∞ SInv}
  1371 | D:4      | Acquired the +27 heavy crossbow "Sniper" {heavy, Acc+∞
                  | SInv}
  1371 | D:4      | Found the +27 heavy crossbow "Sniper" {heavy, Acc+∞ SInv}
  1373 | D:4      | 1373 ||| SWAPPING to +27 heavy crossbow "Sniper" {heavy,
                  | Acc+∞ SInv}.
  1374 | D:4      | 1374 ||| DROPPING +0 shortbow.
  1375 | D:4      | 1375 ||| DRINKING 2 bubbling inky potions.
  1376 | D:4      | 1376 ||| READING 2 scrolls of identify.
  1376 | D:4      | 1376 ||| IDENTIFYING bubbling purple potion
  1377 | D:4      | 1377 ||| DROPPING potion of degeneration.
  1586 | D:3      | Reached XP level 5. HP: 32/32 MP: 5/5
  1703 | D:3      | Found a shadowy altar of Dithmenos.
  1706 | D:3      | Found an ancient bone altar of Kikubaaqudgha.
  1709 | D:3      | Reached skill level 6 in Ranged Weapons
  1722 | D:3      | Found a bloodstained altar of Trog.
  1725 | D:3      | Found a snail-covered altar of Cheibriados.
  1897 | D:3      | 1897 ||| READING 2 scrolls labelled NUNIET ZIAMPA.
  1898 | D:3      | 1898 ||| DRINKING 2 green potions.
  1899 | D:3      | 1899 ||| READING 2 scrolls of identify.
  1899 | D:3      | 1899 ||| IDENTIFYING glowing sapphire potion
  1900 | D:3      | 1900 ||| DROPPING scroll of revelation.
  1946 | D:4      | Found a staircase to the Ecumenical Temple.
  1947 | D:4      | 1947 ||| PLANNING TEMPLE
  1955 | Temple   | Entered the Ecumenical Temple
  1956 | Temple   | 1956 ||| PLANNING OKAWARU WORSHIP
  1972 | Temple   | Became a worshipper of Warmaster Okawaru
  1973 | Temple   | 1973 ||| PLANNING D:1-11
  2006 | D:4      | Identified the +1 robe "Kaada" {Harm rElec Regen+}
  2257 | D:4      | Noticed an ogre
  2258 | D:4      | Killed an ogre
  2259 | D:4      | Reached XP level 6. HP: 39/39 MP: 6/6
  2836 | D:4      | 2836 ||| READING 4 scrolls of identify.
  2836 | D:4      | 2836 ||| IDENTIFYING metallic amethyst potion
  2837 | D:4      | 2837 ||| READING 3 scrolls of identify.
  2837 | D:4      | 2837 ||| IDENTIFYING inky potion
  2883 | D:5      | Entered Level 5 of the Dungeon
  2899 | D:5      | Reached skill level 7 in Ranged Weapons
  2941 | D:5      | Reached XP level 7. HP: 44/44 MP: 7/7
  2987 | D:5      | Reached * piety under Okawaru
  2991 | D:5      | Reached skill level 1 in Invocations
  2992 | D:5      | 2992 ||| INVOKING Heroism.
  3160 | D:5      | 3160 ||| INVOKING Heroism.
  3163 | D:5      | Reached skill level 3 in Invocations
  3163 | D:5      | Reached XP level 8. HP: 48/48 MP: 7/10
  3167 | D:5      | 3167 ||| INVOKING Heroism.
  3259 | D:5      | Identified the +3 ring mail of Least Resistance {rElec
                  | rCorr Slay+2 Stlth-}
  3272 | D:5      | Reached skill level 8 in Ranged Weapons
  3274 | D:5      | 3274 ||| INVOKING Heroism.
  3470 | D:5      | 3470 ||| DROPPING +1 robe "Kaada" {Harm rElec Regen+}.
  3471 | D:5      | 3471 ||| UPGRADING to +3 ring mail of Least Resistance
                  | {rElec rCorr Slay+2 Stlth-}.
  3481 | D:5      | 3481 ||| DROPPING +2 robe of positive energy.
  3482 | D:5      | 3482 ||| READING scroll labelled AVIKHL SAIGILA.
  3483 | D:5      | 3483 ||| READING scroll labelled DALELOYTHY.
  3484 | D:5      | 3484 ||| READING scroll labelled XOIREK VUETARE.
  3521 | D:6      | 3521 ||| STAIRDANCE
  3531 | D:6      | 3531 ||| STAIRDANCE
  3537 | D:6      | Reached skill level 1 in Armour
  3795 | D:6      | Reached ** piety under Okawaru
  3796 | D:6      | Reached skill level 9 in Ranged Weapons
  3838 | D:6      | Found a sacrificial altar of Ru.
  3838 | D:6      | Found a sparkling altar of Nemelex Xobeh.
  3980 | D:6      | 3980 ||| READING 2 scrolls labelled ZERHEID PULU.
  3984 | D:6      | 3984 ||| READING 4 scrolls of identify.
  3984 | D:6      | 3984 ||| IDENTIFYING bubbling orange potion
  4054 | D:7      | Reached skill level 6 in Fighting
  4056 | D:7      | Reached XP level 9. HP: 49/55 MP: 12/12
  4154 | D:7      | 4154 ||| INVOKING Heroism.
  4228 | D:7      | 4228 ||| INVOKING Heroism.
  4370 | D:7      | Reached skill level 10 in Ranged Weapons
  4530 | D:7      | 4530 ||| READING 2 scrolls labelled OSIUCO OVUARCH.
  4631 | D:7      | 4631 ||| READING 3 scrolls of identify.
  4631 | D:7      | 4631 ||| IDENTIFYING blue potion
  4632 | D:7      | 4632 ||| READING 2 scrolls of identify.
  4632 | D:7      | 4632 ||| IDENTIFYING black potion
  4633 | D:7      | 4633 ||| DROPPING potion of attraction.
  4634 | D:7      | 4634 ||| DROPPING scroll of silence.
  4692 | D:8      | Identified the +2 war axe "Cayhaas" {drain, Dex+3}
  4695 | D:8      | 4695 ||| INVOKING Heroism.
  4773 | D:8      | 4773 ||| RETREATING.
  4819 | D:8      | Noticed a two-headed ogre
  4820 | D:8      | 4820 ||| INVOKING Heroism.
  4822 | D:8      | Killed a two-headed ogre
  4822 | D:8      | Reached *** piety under Okawaru
  4823 | D:8      | Reached skill level 11 in Ranged Weapons
  4824 | D:8      | Reached skill level 3 in Dodging
  4893 | D:8      | Found a large runed translucent door.
  4894 | D:8      | Found a large runed translucent door.
  4899 | D:8      | Noticed a cyclops
  4899 | D:8      | Noticed a centaur warrior
  4926 | D:8      | Reached XP level 10. HP: 64/64 MP: 13/13
  4927 | D:8      | 4927 ||| INVOKING Heroism.
  5013 | D:8      | Found a large runed translucent door.
  5013 | D:8      | Found a large runed translucent door.
  5033 | D:8      | Reached **** piety under Okawaru
  5319 | D:8      | 5319 ||| READING scroll labelled ZUKEOPRELU.
  5320 | D:8      | 5320 ||| READING scroll labelled KERCHI ULOA.
  5346 | D:9      | 5346 ||| Stepping ~*~*~tactically~*~*~ (retreating).
  5347 | D:9      | 5347 ||| STAIRDANCE
  5392 | D:9      | 5392 ||| STAIRDANCE
  5462 | D:9      | 5462 ||| STAIRDANCE
  5465 | D:8      | Reached skill level 12 in Ranged Weapons
  5547 | D:9      | 5547 ||| STAIRDANCE
  5593 | D:9      | 5593 ||| STAIRDANCE
  5668 | D:9      | Noticed a two-headed ogre
  5669 | D:9      | 5669 ||| INVOKING Heroism.
  5670 | D:9      | Killed a two-headed ogre
  5671 | D:9      | Reached skill level 6 in Invocations
  5712 | D:9      | Found an opulent altar of Gozag.
  5720 | D:9      | Noticed a kobold demonologist
  5721 | D:9      | 5721 ||| RETREATING.
  5723 | D:9      | Killed a kobold demonologist
  5723 | D:9      | Reached ***** piety under Okawaru
  5767 | D:9      | 5767 ||| INVOKING Heroism.
  5817 | D:9      | Reached XP level 11. HP: 64/68 MP: 16/16
  5920 | D:9      | 5920 ||| INVOKING Heroism.
  5921 | D:9      | Identified the +0 cloak "Judumef" {Str+4} (Okawaru gifted
                  | it to you on level 9 of the Dungeon)
  5921 | D:9      | Received a gift from Okawaru
  6055 | D:9      | Found a radiant altar of Vehumet.
  6055 | D:9      | Found an ornate altar of the Wu Jian Council.
  6136 | D:9      | Found a runed translucent door.
  6136 | D:9      | Noticed qw's ghost (novice MiHs)
  6136 | D:9      | Noticed a deep elf pyromancer
  6444 | D:9      | 6444 ||| UPGRADING to +0 cloak "Judumef" {Str+4}.
  6495 | D:10     | Entered Level 10 of the Dungeon
  6566 | D:10     | 6566 ||| INVOKING Heroism.
  6567 | D:10     | Noticed a six-headed hydra
  6570 | D:10     | Reached skill level 13 in Ranged Weapons
  6571 | D:10     | Killed a six-headed hydra
  6571 | D:10     | Noticed a deep elf pyromancer
  6572 | D:10     | Killed a deep elf pyromancer
  6592 | D:10     | 6592 ||| FLEEEEING.
  6593 | D:10     | 6593 ||| FLEEEEING.
  6678 | D:10     | 6678 ||| INVOKING Heroism.
  6681 | D:10     | Reached skill level 9 in Invocations
  6826 | D:10     | 6826 ||| Stepping ~*~*~tactically~*~*~ (retreating).
  6827 | D:10     | 6827 ||| Stepping ~*~*~tactically~*~*~ (retreating).
  6829 | D:10     | 6829 ||| INVOKING Heroism.
  6836 | D:10     | Reached skill level 9 in Fighting
  7563 | D:10     | Found a staircase to the Lair.
  7564 | D:10     | 7564 ||| INVOKING Heroism.
  7602 | D:10     | 7602 ||| Stepping ~*~*~tactically~*~*~ (retreating).
  7604 | D:10     | 7604 ||| INVOKING Heroism.
  7644 | D:10     | 7644 ||| FLEEEEING.
  7645 | D:10     | 7645 ||| FLEEEEING.
  7646 | D:10     | 7646 ||| FLEEEEING.
  7647 | D:10     | 7647 ||| FLEEEEING.
  7648 | D:10     | 7648 ||| FLEEEEING.
  7652 | D:10     | 7652 ||| FLEEEEING.
  7653 | D:10     | 7653 ||| FLEEEEING.
  7654 | D:10     | 7654 ||| FLEEEEING.
  7655 | D:10     | 7655 ||| FLEEEEING.
  7656 | D:10     | 7656 ||| FLEEEEING.
  7657 | D:10     | 7657 ||| INVOKING Heroism.
  7703 | D:10     | Found a staircase to the Orcish Mines.
  7887 | D:10     | 7887 ||| PLANNING LAIR
  7887 | D:10     | 7887 ||| UPGRADING to amulet of faith.
  7892 | D:10     | 7892 ||| DROPPING +6 ring of intelligence.
  7893 | D:10     | 7893 ||| DRINKING 3 fizzy silvery potions.
  7894 | D:10     | 7894 ||| DROPPING 2 potions of brilliance.
  7937 | Lair:1   | Entered Level 1 of the Lair of Beasts
  7938 | Lair:1   | 7938 ||| INVOKING Heroism.
  7966 | Lair:1   | 7966 ||| INVOKING Heroism.
  7983 | Lair:1   | Noticed Joseph
  7986 | Lair:1   | Killed Joseph
  8127 | Lair:1   | 8127 ||| INVOKING Heroism.
  8130 | Lair:1   | Reached XP level 12. HP: 76/76 MP: 16/19
  8130 | Lair:1   | 8130 ||| RETREATING.
  8135 | Lair:1   | Reached skill level 14 in Ranged Weapons
  8212 | Lair:1   | 8212 ||| INVOKING Heroism.
  8617 | Lair:2   | Noticed a skyshark
  8621 | Lair:2   | Killed a skyshark
  8621 | Lair:2   | Received a gift from Okawaru
  8671 | Lair:2   | 8671 ||| INVOKING Heroism.
  8801 | Lair:2   | 8801 ||| INVOKING Heroism.
  8819 | Lair:2   | Identified the +1 chain mail of Insatiable Hunger {rPois
                  | Will+}
  8893 | Lair:2   | 8893 ||| INVOKING Heroism.
  8895 | Lair:2   | 8895 ||| Stepping ~*~*~tactically~*~*~ (outnumbered).
  8928 | Lair:2   | Reached skill level 15 in Ranged Weapons
  9028 | Lair:2   | 9028 ||| Stepping ~*~*~tactically~*~*~ (water).
  9030 | Lair:2   | Noticed a five-headed hydra
  9031 | Lair:2   | 9031 ||| INVOKING Heroism.
  9032 | Lair:2   | Killed a five-headed hydra
  9047 | Lair:2   | Noticed an eight-headed hydra
  9048 | Lair:2   | Killed an eight-headed hydra
  9051 | Lair:2   | Found a staircase to the Swamp.
  9335 | Lair:3   | Noticed Amaemon
  9336 | Lair:3   | 9336 ||| INVOKING Heroism.
  9338 | Lair:3   | 9338 ||| RETREATING.
  9344 | Lair:3   | 9344 ||| STAIRDANCE
  9351 | Lair:3   | Killed Amaemon
  9372 | Lair:3   | Found a runed translucent gate.
  9373 | Lair:3   | Found a runed translucent gate.
  9376 | Lair:3   | Reached skill level 16 in Ranged Weapons
  9384 | Lair:3   | Found a runed translucent gate.
  9504 | Lair:3   | Found a staircase to the Snake Pit.
  9522 | Lair:3   | 9522 ||| INVOKING Heroism.
  9542 | Lair:3   | 9542 ||| RETREATING.
  9547 | Lair:3   | Reached XP level 13. HP: 83/83 MP: 20/20
  9552 | Lair:3   | Found a frozen archway.
  9777 | Lair:3   | 9777 ||| INVOKING Heroism.
  9778 | Lair:3   | 9778 ||| INVOKING Finesse.
  9783 | Lair:3   | 9783 ||| RETREATING.
  9793 | Lair:3   | 9793 ||| Stepping ~*~*~tactically~*~*~ (retreating).
  9794 | Lair:3   | 9794 ||| Stepping ~*~*~tactically~*~*~ (retreating).
  9795 | Lair:3   | 9795 ||| Stepping ~*~*~tactically~*~*~ (retreating).
  9796 | Lair:3   | 9796 ||| Stepping ~*~*~tactically~*~*~ (retreating).
  9797 | Lair:3   | 9797 ||| Stepping ~*~*~tactically~*~*~ (retreating).
  9798 | Lair:3   | 9798 ||| Stepping ~*~*~tactically~*~*~ (retreating).
  9799 | Lair:3   | 9799 ||| Stepping ~*~*~tactically~*~*~ (retreating).
  9800 | Lair:3   | 9800 ||| Stepping ~*~*~tactically~*~*~ (retreating).
  9801 | Lair:3   | 9801 ||| Stepping ~*~*~tactically~*~*~ (retreating).
  9802 | Lair:3   | 9802 ||| INVOKING Heroism.
  9811 | Lair:3   | Identified the +6 kite shield "Wypoag" {*Slow Int+5 Dex+3}
                  | (Okawaru gifted it to you on level 3 of the Lair of Beasts)
  9811 | Lair:3   | Received a gift from Okawaru
 10139 | Lair:3   | Noticed qw's ghost (journeyman GrHu)
 10197 | Lair:3   | 10197 ||| READING 7 scrolls of identify.
 10197 | Lair:3   | 10197 ||| IDENTIFYING fuming inky potion
 10229 | Lair:4   | 10229 ||| INVOKING Heroism.
 10257 | Lair:4   | 10257 ||| RETREATING.
 10419 | Lair:4   | Found a viscous altar of Jiyva.
 10430 | Lair:4   | Found a staircase to the Slime Pits.
 10456 | Lair:4   | 10456 ||| INVOKING Heroism.
 10494 | Lair:4   | Reached skill level 17 in Ranged Weapons
 10510 | Lair:4   | 10510 ||| INVOKING Heroism.
 10514 | Lair:4   | 10514 ||| RETREATING.
 10603 | Lair:4   | 10603 ||| FLEEEEING.
 10607 | Lair:4   | 10607 ||| FLEEEEING.
 10608 | Lair:4   | 10608 ||| RETREATING.
 10610 | Lair:4   | 10610 ||| INVOKING Heroism.
 10621 | Lair:4   | HP: 20/84 [yak[a torpor snail] (3)]
 10622 | Lair:4   | 10622 ||| READING 7 scrolls of teleportation.
 10623 | Lair:4   | 10623 ||| DRINKING 4 potions of heal wounds.
 11109 | Lair:4   | Identified the scarf of the Charming Gods {rC+ rF+, rElec}
                  | (Okawaru gifted it to you on level 4 of the Lair of Beasts)
 11109 | Lair:4   | Received a gift from Okawaru
 11219 | Lair:4   | 11219 ||| UPGRADING to scarf of the Charming Gods {rC+ rF+,
                  | rElec}.
 11229 | Lair:4   | 11229 ||| UPGRADING to +6 ring of strength.
 11231 | Lair:4   | 11231 ||| READING 7 scrolls of identify.
 11231 | Lair:4   | 11231 ||| IDENTIFYING yellow potion
 11232 | Lair:4   | 11232 ||| DROPPING potion of invisibility.
 11252 | Lair:5   | Entered Level 5 of the Lair of Beasts
 11285 | Lair:5   | 11285 ||| FLEEEEING.
 11286 | Lair:5   | 11286 ||| FLEEEEING.
 11287 | Lair:5   | 11287 ||| FLEEEEING.
 11288 | Lair:5   | 11288 ||| INVOKING Heroism.
 11329 | Lair:5   | 11329 ||| RETREATING.
 11333 | Lair:5   | 11333 ||| Stepping ~*~*~tactically~*~*~ (retreating).
 11337 | Lair:5   | Reached skill level 18 in Ranged Weapons
 11339 | Lair:5   | 11339 ||| INVOKING Heroism.
 11399 | Lair:5   | 11399 ||| INVOKING Heroism.
 11446 | Lair:5   | Gained mutation: Your large and strong wings let you fly.
                  | [Gargoyle growth]
 11446 | Lair:5   | Reached XP level 14. HP: 84/91 MP: 21/21
 11497 | Lair:5   | 11497 ||| INVOKING Heroism.
 11504 | Lair:5   | Reached skill level 12 in Fighting
 11512 | Lair:5   | 11512 ||| INVOKING Finesse.
 11513 | Lair:5   | 11513 ||| RETREATING.
 11529 | Lair:5   | Reached skill level 6 in Dodging
 11569 | Lair:5   | 11569 ||| RETREATING.
 11663 | Lair:5   | 11663 ||| RETREATING.
 11668 | Lair:5   | 11668 ||| Stepping ~*~*~tactically~*~*~ (retreating).
 11669 | Lair:5   | 11669 ||| Stepping ~*~*~tactically~*~*~ (retreating).
 11670 | Lair:5   | 11670 ||| Stepping ~*~*~tactically~*~*~ (retreating).
 11671 | Lair:5   | 11671 ||| Stepping ~*~*~tactically~*~*~ (retreating).
 11895 | Lair:5   | 11895 ||| Stepping ~*~*~tactically~*~*~ (outnumbered).
 11899 | Lair:5   | 11899 ||| Stepping ~*~*~tactically~*~*~ (retreating).
 11900 | Lair:5   | 11900 ||| Stepping ~*~*~tactically~*~*~ (retreating).
 11901 | Lair:5   | 11901 ||| Stepping ~*~*~tactically~*~*~ (retreating).
 11902 | Lair:5   | 11902 ||| Stepping ~*~*~tactically~*~*~ (retreating).
 11906 | Lair:5   | 11906 ||| Stepping ~*~*~tactically~*~*~ (retreating).
 11907 | Lair:5   | 11907 ||| Stepping ~*~*~tactically~*~*~ (retreating).
 11908 | Lair:5   | 11908 ||| Stepping ~*~*~tactically~*~*~ (retreating).
 11909 | Lair:5   | 11909 ||| Stepping ~*~*~tactically~*~*~ (retreating).
 11910 | Lair:5   | 11910 ||| INVOKING Heroism.
 12051 | Lair:5   | Noticed Snorg
 12052 | Lair:5   | 12052 ||| INVOKING Heroism.
 12053 | Lair:5   | 12053 ||| INVOKING Finesse.
 12054 | Lair:5   | 12054 ||| Stepping ~*~*~tactically~*~*~ (retreating).
 12062 | Lair:5   | Killed Snorg
 12147 | Lair:5   | Reached skill level 19 in Ranged Weapons
 12150 | Lair:5   | 12150 ||| Stepping ~*~*~tactically~*~*~ (retreating).
 12151 | Lair:5   | 12151 ||| INVOKING Heroism.
 12274 | Lair:5   | 12274 ||| Stepping ~*~*~tactically~*~*~ (outnumbered).
 12276 | Lair:5   | 12276 ||| Stepping ~*~*~tactically~*~*~ (retreating).
 12298 | Lair:5   | Received a gift from Okawaru
 12338 | Lair:5   | Identified the +0 spear of Donkif {venom, rF- Str+3 Dex+3}
 12561 | Lair:5   | 12561 ||| INVOKING Heroism.
 12562 | Lair:5   | 12562 ||| INVOKING Finesse.
 12681 | Lair:5   | 12681 ||| INVOKING Heroism.
 12714 | Lair:5   | 12714 ||| PLANNING D:1-11
 12714 | Lair:5   | 12714 ||| UPGRADING to +0 pair of boots.
 12719 | Lair:5   | 12719 ||| READING 4 scrolls of enchant armour.
 12719 | Lair:5   | 12719 ||| ENCHANTING +0 pair of boots.
 12720 | Lair:5   | 12720 ||| READING 3 scrolls of enchant armour.
 12720 | Lair:5   | 12720 ||| ENCHANTING +1 pair of boots.
 12721 | Lair:5   | 12721 ||| READING scroll labelled SIG ZOBOWNYRA.
 12722 | Lair:5   | 12722 ||| READING 2 scrolls labelled NEISOITILAN.
 12723 | Lair:5   | 12723 ||| READING 6 scrolls of identify.
 12723 | Lair:5   | 12723 ||| IDENTIFYING golden potion
 12724 | Lair:5   | 12724 ||| DROPPING potion of ambrosia.
 12725 | Lair:5   | 12725 ||| DROPPING scroll of vulnerability.
 12875 | D:11     | 12875 ||| INVOKING Heroism.
 12876 | D:11     | 12876 ||| INVOKING Finesse.
 12957 | D:11     | Reached skill level 6 in Armour
 13474 | D:11     | 13474 ||| PLANNING D
 13474 | D:11     | 13474 ||| UPGRADING to ring of willpower.
 13638 | D:12     | Noticed Urug
 13639 | D:12     | 13639 ||| INVOKING Heroism.
 13640 | D:12     | 13640 ||| INVOKING Finesse.
 13646 | D:12     | Killed Urug
 13646 | D:12     | Identified the scarf "Bucyines" {harm, rElec Int-4 Dex+6}
                  | (Okawaru gifted it to you on level 12 of the Dungeon)
 13646 | D:12     | Received a gift from Okawaru
 13938 | D:12     | 13938 ||| Stepping ~*~*~tactically~*~*~ (outnumbered).
 13940 | D:12     | 13940 ||| Stepping ~*~*~tactically~*~*~ (outnumbered).
 13943 | D:12     | Reached XP level 15. HP: 98/98 MP: 22/22
 14175 | D:12     | 14175 ||| DROPPING ring of magical power.
 14204 | D:13     | 14204 ||| Stepping ~*~*~tactically~*~*~ (outnumbered).
 14205 | D:13     | 14205 ||| Stepping ~*~*~tactically~*~*~ (outnumbered).
 14207 | D:13     | 14207 ||| STAIRDANCE
 14245 | D:13     | 14245 ||| STAIRDANCE
 14247 | D:12     | 14247 ||| INVOKING Heroism.
 14381 | D:13     | 14381 ||| INVOKING Heroism.
 14597 | D:13     | 14597 ||| RETREATING.
 14609 | D:13     | 14609 ||| Stepping ~*~*~tactically~*~*~ (outnumbered).
 14665 | D:13     | 14665 ||| FLEEEEING.
 14666 | D:13     | 14666 ||| FLEEEEING.
 14667 | D:13     | 14667 ||| FLEEEEING.
 14668 | D:13     | 14668 ||| FLEEEEING.
 14669 | D:13     | 14669 ||| FLEEEEING.
 14670 | D:13     | 14670 ||| FLEEEEING.
 14685 | D:13     | 14685 ||| INVOKING Heroism.
 14687 | D:13     | Reached skill level 20 in Ranged Weapons
 14856 | D:13     | Found a gate to the Vaults.
 14857 | D:13     | 14857 ||| RETREATING.
 14875 | D:13     | 14875 ||| Stepping ~*~*~tactically~*~*~ (retreating).
 14877 | D:13     | 14877 ||| INVOKING Heroism.
 15223 | D:13     | 15223 ||| Stepping ~*~*~tactically~*~*~ (outnumbered).
 15224 | D:13     | 15224 ||| Stepping ~*~*~tactically~*~*~ (outnumbered).
 15226 | D:13     | 15226 ||| Stepping ~*~*~tactically~*~*~ (outnumbered).
 15278 | D:13     | Found a runed translucent door.
 15405 | D:13     | Noticed qw's ghost (journeyman GrHu)
 15495 | D:14     | Found Qeil's Self-Improvement Boutique.
 15606 | D:14     | 15606 ||| INVOKING Heroism.
 15608 | D:14     | 15608 ||| INVOKING Finesse.
 15663 | D:14     | 15663 ||| READING scroll of acquirement.
 15663 | D:14     | 15663 ||| ACQUIRING +2 helmet "Oclyt Mua" {rPois rN+ Str+3
                  | Int-3}
 15663 | D:14     | Acquired the +2 helmet "Oclyt Mua" {rPois rN+ Str+3 Int-3}
 15665 | D:14     | 15665 ||| UPGRADING to +2 helmet "Oclyt Mua" {rPois rN+
                  | Str+3 Int-3}.
 15688 | D:14     | Noticed Frances
 15689 | D:14     | 15689 ||| INVOKING Heroism.
 15691 | D:14     | Killed Frances
 15703 | D:14     | 15703 ||| DROPPING +2 ring mail of fire resistance.
 15954 | D:15     | Entered Level 15 of the Dungeon
 15959 | D:15     | Identified the +2 plate armour of Mumblety Peg {rN+ Str+4
                  | Dex-4}
 16082 | D:15     | Noticed Rupert
 16082 | D:15     | Noticed a fire giant
 16083 | D:15     | 16083 ||| INVOKING Heroism.
 16086 | D:15     | Killed Rupert
 16091 | D:15     | Killed a fire giant
 16110 | D:15     | Found a staircase to the Depths.
 16161 | D:15     | Found an ancient bone altar of Kikubaaqudgha.
 16169 | D:15     | 16169 ||| INVOKING Heroism.
 16188 | D:15     | 16188 ||| RETREATING.
 16191 | D:15     | 16191 ||| Stepping ~*~*~tactically~*~*~ (outnumbered).
 16193 | D:15     | 16193 ||| INVOKING Heroism.
 16283 | D:14     | 16283 ||| RETREATING.
 16285 | D:14     | 16285 ||| INVOKING Heroism.
 16292 | D:14     | 16292 ||| READING 9 scrolls of teleportation.
 16491 | D:15     | Noticed Nessos
 16492 | D:15     | 16492 ||| INVOKING Finesse.
 16494 | D:15     | Killed Nessos
 16531 | D:14     | 16531 ||| RETREATING.
 16535 | D:14     | Reached skill level 21 in Ranged Weapons
 16537 | D:14     | 16537 ||| INVOKING Heroism.
 16539 | D:14     | HP: 24/100 [centaur warrior/arrow (19)]
 16540 | D:14     | 16540 ||| READING 8 scrolls of teleportation.
 16541 | D:14     | 16541 ||| DRINKING 3 potions of heal wounds.
 16542 | D:14     | 16542 ||| DRINKING 2 potions of heal wounds.
 16544 | D:14     | Reached XP level 16. HP: 42/106 MP: 21/23
 16786 | D:15     | Found a stormy altar of Qazlal.
 17061 | D:15     | 17061 ||| PLANNING ORC
 17214 | Orc:1    | Entered Level 1 of the Orcish Mines
 17217 | Orc:1    | 17217 ||| Stepping ~*~*~tactically~*~*~ (outnumbered).
 17378 | Orc:1    | You are sucked into a shaft and drop 1 floor!
 17378 | Orc:2    | Entered Level 2 of the Orcish Mines
 17385 | Orc:2    | 17385 ||| INVOKING Heroism.
 17392 | Orc:2    | Noticed Blork the orc
 17394 | Orc:2    | 17394 ||| Stepping ~*~*~tactically~*~*~ (outnumbered).
 17396 | Orc:2    | Killed Blork the orc
 17418 | Orc:2    | Noticed Nergalle
 17419 | Orc:2    | 17419 ||| RETREATING.
 17420 | Orc:2    | Killed Nergalle
 17430 | Orc:2    | 17430 ||| Stepping ~*~*~tactically~*~*~ (retreating).
 17433 | Orc:2    | 17433 ||| Stepping ~*~*~tactically~*~*~ (retreating).
 17434 | Orc:2    | 17434 ||| INVOKING Heroism.
 17458 | Orc:2    | 17458 ||| INVOKING Heroism.
 17595 | Orc:2    | 17595 ||| Stepping ~*~*~tactically~*~*~ (outnumbered).
 17650 | Orc:1    | Found a runed translucent door.
 17811 | Orc:1    | 17811 ||| Stepping ~*~*~tactically~*~*~ (outnumbered).
 17817 | Orc:1    | 17817 ||| INVOKING Heroism.
 18035 | Orc:2    | Found an iron altar of Okawaru.
 18058 | Orc:2    | 18058 ||| INVOKING Heroism.
 18059 | Orc:2    | 18059 ||| INVOKING Finesse.
 18110 | Orc:2    | Found Budewaf's Antique Weapon Shoppe.
 18117 | Orc:2    | Found Zebb's Antique Armour Shoppe.
 18125 | Orc:2    | 18125 ||| BUYING glowing robe (118 gold).
 18125 | Orc:2    | Bought a glowing robe for 118 gold pieces
 18125 | Orc:2    | 18125 ||| BUYING spiked helmet (304 gold).
 18125 | Orc:2    | Bought a spiked helmet for 304 gold pieces
 18125 | Orc:2    | Identified the +1 helmet of Dejufer {Regen+ rCorr} (You
                  | bought it in a shop on level 2 of the Orcish Mines)
 18239 | Orc:2    | Found Heebaas's General Store.
 18246 | Orc:2    | 18246 ||| BUYING potion of curing (42 gold).
 18246 | Orc:2    | Bought a potion of curing for 42 gold pieces
 18246 | Orc:2    | 18246 ||| BUYING potion of enlightenment (70 gold).
 18246 | Orc:2    | Bought a potion of enlightenment for 70 gold pieces
 18246 | Orc:2    | 18246 ||| BUYING scroll of teleportation (42 gold).
 18246 | Orc:2    | Bought a scroll of teleportation for 42 gold pieces
 18254 | Orc:2    | Found Muogu's Jewellery Shoppe.
 18263 | Orc:2    | 18263 ||| BUYING +4 ring of protection (540 gold).
 18263 | Orc:2    | Bought a +4 ring of protection for 540 gold pieces
 18263 | Orc:2    | 18263 ||| BUYING +5 ring of evasion (540 gold).
 18263 | Orc:2    | Bought a +5 ring of evasion for 540 gold pieces
 18263 | Orc:2    | 18263 ||| BUYING +6 ring of dexterity (540 gold).
 18263 | Orc:2    | Bought a +6 ring of dexterity for 540 gold pieces
 18358 | Orc:2    | Found a staircase to the Elven Halls.
 18514 | Orc:2    | 18514 ||| PLANNING SWAMP:1-3
 18514 | Orc:2    | 18514 ||| DROPPING +2 robe.
 18515 | Orc:2    | 18515 ||| UPGRADING to +1 helmet of Dejufer {Regen+ rCorr}.
 18525 | Orc:2    | 18525 ||| DROPPING +2 helmet "Oclyt Mua" {rPois rN+ Str+3
                  | Int-3}.
 18526 | Orc:2    | 18526 ||| DROPPING ring of protection from cold.
 18527 | Orc:2    | 18527 ||| UPGRADING to +4 ring of protection.
 18529 | Orc:2    | 18529 ||| DROPPING +6 ring of strength.
 18530 | Orc:2    | 18530 ||| UPGRADING to +5 ring of evasion.
 18532 | Orc:2    | 18532 ||| DROPPING ring of willpower.
 18533 | Orc:2    | 18533 ||| UPGRADING to +6 ring of dexterity.
 18535 | Orc:2    | 18535 ||| UPGRADING to +4 ring of protection.
 18537 | Orc:2    | 18537 ||| UPGRADING to +5 ring of evasion.
 18539 | Orc:2    | 18539 ||| DROPPING ring of Uhut {rC+ Will+}.
 18540 | Orc:2    | 18540 ||| DROPPING +4 ring of protection.
 18705 | Swamp:1  | Entered Level 1 of the Swamp
 18707 | Swamp:1  | 18707 ||| INVOKING Heroism.
 18716 | Swamp:1  | Received a gift from Okawaru
 18717 | Swamp:1  | Noticed a fenstrider witch
 18720 | Swamp:1  | Paralysed by a fenstrider witch for 2 turns
 18721 | Swamp:1  | Killed a fenstrider witch
 18729 | Swamp:1  | 18729 ||| INVOKING Heroism.
 18761 | Swamp:1  | Reached skill level 9 in Dodging
 18799 | Swamp:1  | 18799 ||| INVOKING Heroism.
 18906 | Swamp:1  | 18906 ||| INVOKING Heroism.
 19101 | Swamp:1  | 19101 ||| READING 9 scrolls of identify.
 19101 | Swamp:1  | 19101 ||| IDENTIFYING ruby potion
 19102 | Swamp:1  | 19102 ||| DROPPING potion of berserk rage.
 19144 | Swamp:2  | 19144 ||| INVOKING Heroism.
 19146 | Swamp:2  | Reached skill level 15 in Fighting
 19148 | Swamp:2  | Noticed a fenstrider witch
 19150 | Swamp:2  | 19150 ||| Stepping ~*~*~tactically~*~*~ (outnumbered).
 19155 | Swamp:2  | 19155 ||| Stepping ~*~*~tactically~*~*~ (retreating).
 19156 | Swamp:2  | 19156 ||| Stepping ~*~*~tactically~*~*~ (retreating).
 19157 | Swamp:2  | 19157 ||| Stepping ~*~*~tactically~*~*~ (retreating).
 19158 | Swamp:2  | 19158 ||| Stepping ~*~*~tactically~*~*~ (retreating).
 19159 | Swamp:2  | 19159 ||| Stepping ~*~*~tactically~*~*~ (retreating).
 19161 | Swamp:2  | Killed a fenstrider witch
 19166 | Swamp:2  | 19166 ||| INVOKING Heroism.
 19167 | Swamp:2  | HP: 22/108 [bunyip (9)]
 19168 | Swamp:2  | 19168 ||| READING 8 scrolls of teleportation.
 19169 | Swamp:2  | 19169 ||| DRINKING potion of heal wounds.
 19204 | Swamp:2  | 19204 ||| INVOKING Heroism.
 19212 | Swamp:2  | Received a gift from Okawaru
 19245 | Swamp:2  | Reached ****** piety under Okawaru
 19266 | Swamp:2  | Identified the +4 longbow of the Harvest {flame, +Blink}
                  | (Okawaru gifted it to you on level 2 of the Swamp)
 19266 | Swamp:2  | Received a gift from Okawaru
 19295 | Swamp:2  | Noticed Jorgrun
 19296 | Swamp:2  | 19296 ||| INVOKING Heroism.
 19297 | Swamp:2  | 19297 ||| INVOKING Finesse.
 19302 | Swamp:2  | Killed Jorgrun
 19580 | Swamp:2  | Found a runed translucent gate.
 19581 | Swamp:2  | Found a runed translucent gate.
 19584 | Swamp:2  | Found a runed translucent gate.
 19584 | Swamp:2  | Noticed qw's ghost (adept GrHu)
 19745 | Swamp:2  | 19745 ||| READING 10 scrolls of identify.
 19745 | Swamp:2  | 19745 ||| IDENTIFYING fuming yellow potion
 19764 | Swamp:3  | 19764 ||| Stepping ~*~*~tactically~*~*~ (retreating).
 19765 | Swamp:3  | 19765 ||| Stepping ~*~*~tactically~*~*~ (retreating).
 19766 | Swamp:3  | 19766 ||| STAIRDANCE
 19768 | Swamp:2  | 19768 ||| INVOKING Heroism.
 19854 | Swamp:3  | 19854 ||| STAIRDANCE
 19856 | Swamp:2  | 19856 ||| Stepping ~*~*~tactically~*~*~ (retreating).
 19857 | Swamp:2  | 19857 ||| Stepping ~*~*~tactically~*~*~ (retreating).
 19858 | Swamp:2  | 19858 ||| Stepping ~*~*~tactically~*~*~ (retreating).
 19859 | Swamp:2  | 19859 ||| Stepping ~*~*~tactically~*~*~ (retreating).
 19860 | Swamp:2  | 19860 ||| Stepping ~*~*~tactically~*~*~ (retreating).
 19861 | Swamp:2  | 19861 ||| Stepping ~*~*~tactically~*~*~ (retreating).
 19862 | Swamp:2  | 19862 ||| Stepping ~*~*~tactically~*~*~ (retreating).
 19863 | Swamp:2  | 19863 ||| Stepping ~*~*~tactically~*~*~ (retreating).
 19864 | Swamp:2  | 19864 ||| Stepping ~*~*~tactically~*~*~ (retreating).
 19865 | Swamp:2  | 19865 ||| INVOKING Heroism.
 19871 | Swamp:2  | HP: 21/108 [will-o-the-wisp/foxfire (8)]
 19872 | Swamp:2  | 19872 ||| READING 7 scrolls of teleportation.
 19873 | Swamp:2  | 19873 ||| DRINKING potion of heal wounds.
 19984 | Swamp:3  | 19984 ||| STAIRDANCE
 19986 | Swamp:2  | 19986 ||| INVOKING Heroism.
 20028 | Swamp:3  | 20028 ||| STAIRDANCE
 20078 | Swamp:3  | 20078 ||| STAIRDANCE
 20080 | Swamp:2  | 20080 ||| INVOKING Heroism.
 20082 | Swamp:2  | Reached skill level 22 in Ranged Weapons
 20133 | Swamp:3  | 20133 ||| STAIRDANCE
 20135 | Swamp:2  | 20135 ||| INVOKING Heroism.
 20138 | Swamp:2  | Reached XP level 17. HP: 98/113 MP: 21/24
 20184 | Swamp:3  | 20184 ||| STAIRDANCE
 20186 | Swamp:2  | 20186 ||| INVOKING Heroism.
 20589 | Swamp:3  | 20589 ||| PLANNING SNAKE:1-3
 20752 | Snake:1  | Entered Level 1 of the Snake Pit
 20780 | Snake:1  | 20780 ||| RETREATING.
 20783 | Snake:1  | 20783 ||| Stepping ~*~*~tactically~*~*~ (retreating).
 20784 | Snake:1  | 20784 ||| Stepping ~*~*~tactically~*~*~ (retreating).
 20785 | Snake:1  | 20785 ||| Stepping ~*~*~tactically~*~*~ (retreating).
 20786 | Snake:1  | 20786 ||| Stepping ~*~*~tactically~*~*~ (retreating).
 20787 | Snake:1  | 20787 ||| Stepping ~*~*~tactically~*~*~ (retreating).
 20888 | Snake:1  | Identified the +5 morningstar "Evuxit" {heavy, Str+3}
 20923 | Snake:1  | 20923 ||| INVOKING Heroism.
 21179 | Snake:1  | Noticed Agnes
 21180 | Snake:1  | 21180 ||| INVOKING Heroism.
 21181 | Snake:1  | 21181 ||| INVOKING Finesse.
 21182 | Snake:1  | Killed Agnes
 21235 | Snake:1  | 21235 ||| Stepping ~*~*~tactically~*~*~ (outnumbered).
 21237 | Snake:1  | Received a gift from Okawaru
 21342 | Snake:1  | Noticed Nikola
 21343 | Snake:1  | 21343 ||| Stepping ~*~*~tactically~*~*~ (outnumbered).
 21345 | Snake:1  | 21345 ||| INVOKING Heroism.
 21346 | Snake:1  | 21346 ||| INVOKING Finesse.
 21349 | Snake:1  | 21349 ||| RETREATING.
 21351 | Snake:1  | 21351 ||| Stepping ~*~*~tactically~*~*~ (retreating).
 21351 | Snake:1  | HP: 8/115 [Nikola/arc of chain lightning (46)]
 21352 | Snake:1  | 21352 ||| READING 6 scrolls of teleportation.
 21353 | Snake:1  | 21353 ||| DRINKING potion of heal wounds.
 21354 | Snake:1  | 21354 ||| Stepping ~*~*~tactically~*~*~ (retreating).
 21354 | Snake:1  | Killed Nikola
 21469 | Snake:1  | Noticed Louise
 21474 | Snake:1  | Killed Louise
 21475 | Snake:1  | Noticed Aizul
 21476 | Snake:1  | 21476 ||| INVOKING Heroism.
 21477 | Snake:1  | 21477 ||| INVOKING Finesse.
 21481 | Snake:1  | Killed Aizul
 21973 | Snake:1  | 21973 ||| DROPPING +1 helmet of see invisible.
 21974 | Snake:1  | 21974 ||| UPGRADING to +0 pair of gloves.
 21979 | Snake:1  | 21979 ||| READING 4 scrolls of enchant armour.
 21979 | Snake:1  | 21979 ||| ENCHANTING +0 pair of gloves.
 21980 | Snake:1  | 21980 ||| READING 3 scrolls of enchant armour.
 21980 | Snake:1  | 21980 ||| ENCHANTING +1 pair of gloves.
 22092 | Snake:2  | Reached skill level 9 in Armour
 22222 | Snake:2  | 22222 ||| INVOKING Heroism.
 22233 | Snake:2  | 22233 ||| Stepping ~*~*~tactically~*~*~ (outnumbered).
 22261 | Snake:2  | 22261 ||| INVOKING Heroism.
 22347 | Snake:2  | 22347 ||| Stepping ~*~*~tactically~*~*~ (outnumbered).
 22349 | Snake:2  | 22349 ||| INVOKING Heroism.
 22522 | Snake:2  | 22522 ||| RETREATING.
 22523 | Snake:2  | 22523 ||| INVOKING Heroism.
 22524 | Snake:2  | 22524 ||| Stepping ~*~*~tactically~*~*~ (retreating).
 23104 | Snake:2  | 23104 ||| DROPPING ring of positive energy.
 23163 | Snake:3  | 23163 ||| INVOKING Heroism.
 23164 | Snake:3  | 23164 ||| Stepping ~*~*~tactically~*~*~ (outnumbered).
 23266 | Snake:3  | Identified the +2 pair of boots of Modesty {rElec} (Okawaru
                  | gifted it to you on level 3 of the Snake Pit)
 23266 | Snake:3  | Received a gift from Okawaru
 23336 | Snake:3  | 23336 ||| INVOKING Heroism.
 23566 | Snake:3  | 23566 ||| RETREATING.
 23568 | Snake:3  | 23568 ||| Stepping ~*~*~tactically~*~*~ (outnumbered).
 23569 | Snake:3  | 23569 ||| Stepping ~*~*~tactically~*~*~ (outnumbered).
 23574 | Snake:3  | 23574 ||| Stepping ~*~*~tactically~*~*~ (retreating).
 23575 | Snake:3  | 23575 ||| Stepping ~*~*~tactically~*~*~ (retreating).
 23577 | Snake:3  | 23577 ||| Stepping ~*~*~tactically~*~*~ (retreating).
 23578 | Snake:3  | 23578 ||| Stepping ~*~*~tactically~*~*~ (retreating).
 23701 | Snake:3  | Found Qimnolat's Book Boutique.
 23746 | Snake:3  | 23746 ||| Stepping ~*~*~tactically~*~*~ (outnumbered).
 23748 | Snake:3  | 23748 ||| INVOKING Heroism.
 23751 | Snake:3  | 23751 ||| Stepping ~*~*~tactically~*~*~ (outnumbered).
 23752 | Snake:3  | 23752 ||| Stepping ~*~*~tactically~*~*~ (outnumbered).
 23755 | Snake:3  | Reached XP level 18. HP: 108/123 MP: 25/25
 23814 | Snake:3  | Identified the scarf of the Ecumenical Temple {rC+ rF+,
                  | +Blink Int+2}
 23897 | Snake:3  | 23897 ||| PLANNING SWAMP:4
 23897 | Snake:3  | 23897 ||| DROPPING +2 pair of boots of Modesty {rElec}.
 23898 | Snake:3  | 23898 ||| DROPPING scarf of the Ecumenical Temple {rC+ rF+,
                  | +Blink Int+2}.
 24100 | Swamp:4  | Entered Level 4 of the Swamp
 24110 | Swamp:4  | Noticed Donald
 24111 | Swamp:4  | 24111 ||| INVOKING Heroism.
 24114 | Swamp:4  | Killed Donald
 24147 | Swamp:4  | 24147 ||| INVOKING Heroism.
 24245 | Swamp:4  | 24245 ||| INVOKING Heroism.
 24263 | Swamp:4  | 24263 ||| Stepping ~*~*~tactically~*~*~ (retreating).
 24264 | Swamp:4  | 24264 ||| Stepping ~*~*~tactically~*~*~ (retreating).
 24267 | Swamp:4  | 24267 ||| INVOKING Heroism.
 24274 | Swamp:4  | Noticed Kirke
 24282 | Swamp:4  | Killed Kirke
 24288 | Swamp:4  | Reached skill level 18 in Fighting
 24412 | Swamp:4  | 24412 ||| Stepping ~*~*~tactically~*~*~ (cloud).
 24511 | Swamp:4  | 24511 ||| Stepping ~*~*~tactically~*~*~ (retreating).
 24513 | Swamp:4  | 24513 ||| Stepping ~*~*~tactically~*~*~ (retreating).
 24514 | Swamp:4  | 24514 ||| Stepping ~*~*~tactically~*~*~ (retreating).
 24515 | Swamp:4  | 24515 ||| Stepping ~*~*~tactically~*~*~ (retreating).
 24516 | Swamp:4  | 24516 ||| Stepping ~*~*~tactically~*~*~ (retreating).
 24535 | Swamp:4  | 24535 ||| FLEEEEING.
 24575 | Swamp:4  | 24575 ||| RETREATING.
 24816 | Swamp:4  | Noticed a bone dragon
 24819 | Swamp:4  | Killed a bone dragon
 24829 | Swamp:4  | Got a decaying rune of Zot
 24830 | Swamp:4  | 24830 ||| PLANNING VAULTS:1-4
 25146 | Vaults:1 | Entered Level 1 of the Vaults
 25152 | Vaults:1 | 25152 ||| Stepping ~*~*~tactically~*~*~ (outnumbered).
 25157 | Vaults:1 | 25157 ||| Stepping ~*~*~tactically~*~*~ (retreating).
 25158 | Vaults:1 | 25158 ||| Stepping ~*~*~tactically~*~*~ (retreating).
 25160 | Vaults:1 | 25160 ||| Stepping ~*~*~tactically~*~*~ (retreating).
 25166 | Vaults:1 | 25166 ||| INVOKING Heroism.
 25174 | Vaults:1 | Received a gift from Okawaru
 25185 | Vaults:1 | Received a gift from Okawaru
 25279 | Vaults:1 | 25279 ||| FLEEEEING.
 25285 | Vaults:1 | 25285 ||| FLEEEEING.
 25286 | Vaults:1 | 25286 ||| FLEEEEING.
 25287 | Vaults:1 | 25287 ||| FLEEEEING.
 25288 | Vaults:1 | 25288 ||| FLEEEEING.
 25289 | Vaults:1 | 25289 ||| FLEEEEING.
 25290 | Vaults:1 | 25290 ||| FLEEEEING.
 25291 | Vaults:1 | 25291 ||| FLEEEEING.
 25292 | Vaults:1 | 25292 ||| FLEEEEING.
 25293 | Vaults:1 | 25293 ||| FLEEEEING.
 25294 | Vaults:1 | 25294 ||| FLEEEEING.
 25295 | Vaults:1 | 25295 ||| FLEEEEING.
 25296 | Vaults:1 | 25296 ||| FLEEEEING.
 25297 | Vaults:1 | 25297 ||| FLEEEEING.
 25298 | Vaults:1 | 25298 ||| FLEEEEING.
 25301 | Vaults:1 | 25301 ||| STAIRDANCE
 25399 | Vaults:1 | 25399 ||| STAIRDANCE
 25480 | Vaults:1 | 25480 ||| STAIRDANCE
 25996 | Vaults:1 | 25996 ||| RETREATING.
 25998 | Vaults:1 | 25998 ||| Stepping ~*~*~tactically~*~*~ (outnumbered).
 25999 | Vaults:1 | 25999 ||| Stepping ~*~*~tactically~*~*~ (outnumbered).
 26000 | Vaults:1 | 26000 ||| Stepping ~*~*~tactically~*~*~ (outnumbered).
 26001 | Vaults:1 | 26001 ||| Stepping ~*~*~tactically~*~*~ (outnumbered).
 26004 | Vaults:1 | 26004 ||| Stepping ~*~*~tactically~*~*~ (outnumbered).
 26006 | Vaults:1 | 26006 ||| Stepping ~*~*~tactically~*~*~ (retreating).
 26009 | Vaults:1 | 26009 ||| INVOKING Heroism.
 26013 | Vaults:1 | HP: 20/128 [vault warden simulacrum[a necromancer] (22)]
 26014 | Vaults:1 | 26014 ||| READING 9 scrolls of teleportation.
 26143 | Vaults:1 | 26143 ||| FLEEEEING.
 26146 | Vaults:1 | 26146 ||| FLEEEEING.
 26179 | Vaults:1 | 26179 ||| Stepping ~*~*~tactically~*~*~ (outnumbered).
 26354 | Vaults:1 | Received a gift from Okawaru
 26355 | Vaults:1 | Reached skill level 12 in Dodging
 26366 | Vaults:1 | 26366 ||| INVOKING Heroism.
 26367 | Vaults:1 | 26367 ||| INVOKING Finesse.
 26533 | Vaults:1 | 26533 ||| RETREATING.
 26545 | Vaults:1 | 26545 ||| INVOKING Heroism.
 26657 | Vaults:1 | Reached XP level 19. HP: 132/132 MP: 26/26
 26718 | Vaults:1 | 26718 ||| INVOKING Heroism.
 26719 | Vaults:1 | 26719 ||| INVOKING Finesse.
 26777 | Vaults:1 | 26777 ||| DROPPING +2 pair of gloves.
 26840 | Vaults:2 | Found Zysyn's Armour Boutique.
 26850 | Vaults:2 | 26850 ||| Stepping ~*~*~tactically~*~*~ (outnumbered).
 26857 | Vaults:2 | 26857 ||| FLEEEEING.
 26858 | Vaults:2 | 26858 ||| INVOKING Heroism.
 26859 | Vaults:2 | 26859 ||| Stepping ~*~*~tactically~*~*~ (cloud).
 26869 | Vaults:2 | 26869 ||| INVOKING Finesse.
 26879 | Vaults:2 | Reached skill level 12 in Armour
 27062 | Vaults:2 | Noticed Frederick
 27063 | Vaults:2 | 27063 ||| RETREATING.
 27068 | Vaults:2 | Found Deabymamu's Antique Weapon Emporium.
 27081 | Vaults:2 | 27081 ||| Stepping ~*~*~tactically~*~*~ (retreating).
 27082 | Vaults:2 | 27082 ||| INVOKING Heroism.
 27085 | Vaults:2 | Paralysed by a Zot trap for 5 turns
 27092 | Vaults:2 | HP: 20/132 [vault guard/+0 halberd[a vault warden] (27)]
 27093 | Vaults:2 | 27093 ||| READING 8 scrolls of teleportation.
 27093 | Vaults:2 | Mangled by a vault guard

Levels and vault maps discovered:
D:1:      minmay_arrival_three_doors, layout_rooms, serial_shops, shop,
          shapermc_ecumenical_altar_mp_ritualfount, nicolae_eternal_life,
          minmay_pentomino_q4
D:2:      layout_basic, grunt_decor_mini_mirrors
D:3:      layout_rooms, grunt_temple_overflow_cloverleaf, kennysheep_nub
D:4:      layout_layer_cave, minmay_temple_entry_trees
D:5:      layout_cave_pools, minmay_small_thing
D:6:      layout_rooms, gammafunk_temple_overflow_pools, serial_demonic,
          serial_demonic_e, serial_demonic_d, serial_demonic_a,
          serial_demonic_g, serial_demonic_b, serial_demonic_b, chequers_garden
D:7:      layout_rooms
D:8:      layout_basic, minmay_hollow_rounded_squares
D:9:      layout_basic, mainiacjoe_overflow_boulevard,
          nicolae_overflow_two_pavilions, ebering_ghost_inner_flame,
          grunt_ministairs_6, chequers_mini_garden
D:10:     layout_grid_maze, grunt_lair_entry_orc_guard_hut, david_orc_4,
          minmay_bent
D:11:     layout_roguey
D:12:     layout_roguey, uniq_urug
D:13:     layout_cave_pools, erik_vaults_2, ebering_ghost_reflecting_pool
D:14:     minmay_isolated_rectangles_in_corner, layout_basic,
          minmay_strange_pillars, nicolae_shop_self_help, uniq_frances
D:15:     grunt_enter_depths_giant_problem, layout_loops_ring,
          kiku_gazebo_garden_becter, grunt_qazlal_clouds, uniq_nessos,
          uniq_rupert
Temple:   nicolae_temple_ecumenical_triangle
Lair:1:   layout_hall_layers, uniq_joseph
Lair:2:   layout_chaotic_city, palyth_hydra_swamp_entry, minmay_lair_oklob_items
Lair:3:   layout_chaotic_city, guppyfry_snake_entry_garden,
          gammafunk_ghost_necromancy, portal_ice_cave_demonic_guard,
          uniq_amaemon
Lair:4:   layout_cave_pods, nicolae_slime_entry_field_trip, lemuel_fruit_tree,
          infiniplex_staircase_pool_2
Lair:5:   hangedman_lair_caniforms_friends, layout_long_grid,
          guppyfry_lair_end_dragon, serial_bayou_pond_a, uniq_snorg
Swamp:1:  layout_basic_swamp, nicolae_swamp_round_clearing
Swamp:2:  layout_falls_marsh, ebering_ghost_rock_garden, wheals_swamp_sinkhole,
          swamp_pool1, uniq_jorgrun
Swamp:3:  layout_basic_swamp, nicolae_swamp_bean_lake
Swamp:4:  swamp_pestilence, layout_basic_swamp, swamp_pool5, uniq_donald,
          uniq_kirke
Snake:1:  layout_chambers, drop_trap, uniq_louise, uniq_aizul, uniq_nikola,
          uniq_agnes
Snake:2:  layout_chambers, grunt_megastairs_4
Snake:3:  layout_honeycomb, serial_shops, shop
Orc:1:    dreamdust_dug_too_deep, layout_caves
Orc:2:    grunt_orc_cross, layout_caves, okawaru_metal_pillars_1_2
Vaults:1: nicolae_vaults_ninety_degrees, v_misc_18, v_misc_28,
          nicolae_vaults_meiosis, v_misc_26, nicolae_vaults_heart-shaped_vault,
          nicolae_vaults_antechamber_and_loot_room,
          nicolae_vaults_double_plus_2, nicolae_vaults_specimen_jars,
          nicolae_vaults_diagonal_hallway_8, layout_vaults_omnibox
Vaults:2: v_misc_14, hangedman_vaults_variations,
          nicolae_vaults_shrinking_rooms_1, layout_vaults_omnigrid,
          serial_shops, shop, nicolae_shop_advertising_works
          [nicolae_subvault_shop_adworks], nicolae_shop_trees, shop,
          uniq_frederick

Skill      XL: |  1  2  3  4  5  6  7  8  9 10 11 12 13 14 15 16 17 18 19 |
---------------+----------------------------------------------------------+-----
Ranged Weapons | 5 6 7 9 11 12 13 16 18 19 21 22 | 22.0
Fighting       | 3 4 6 7 8 9 10 11 13 14 15 17 19 | 19.1
Dodging        | 2 3 4 5 6 7 9 10 12 | 12.0
Invocations    | 3 4 7 10 | 10.0
Armour         | 1 2 4 5 6 7 8 10 11 12 | 12.0
Stealth        | |  1.1

Action                     |  1- 3 |  4- 6 |  7- 9 | 10-12 | 13-15 | 16-18 | 19-21 || total
---------------------------+-------+-------+-------+-------+-------+-------+-------++-------
   Fire: Shortbow          |   104 |    38 |       |       |       |       |       ||   142
         Heavy crossbow    |       |    44 |    89 |   183 |   419 |   583 |    25 ||  1343
 Invoke: Heroism           |       |       |     8 |    20 |    28 |    38 |     3 ||    97
         Finesse           |       |       |       |       |     8 |     6 |     2 ||    16
    Use: Scroll            |     3 |     8 |     8 |     2 |    11 |     8 |     1 ||    41
         Potion            |     1 |     2 |       |     1 |     3 |     3 |       ||    10
 Armour: Leather armour    |    24 |       |       |       |       |       |       ||    24
         Robe              |     5 |    10 |    12 |       |       |       |       ||    27
         Ring mail         |       |       |    29 |    97 |   280 |   427 |    27 ||   860
  Dodge: Dodged            |    42 |    15 |    38 |    99 |   240 |   832 |    15 ||  1281

Table legend:
 A = Non-vault XP
 B = Vault XP
 C = Vault XP percentage of total XP
 D = Non-vault monster count
 E = Vault monster count
 F = Vault count percentage of total count
                 A         B        C        D         E       F
            +---------+---------+-------+---------+---------+-------
      Total |  220227 |  103420 |  32.0 |     729 |     297 |  28.9
            +---------+---------+-------+---------+---------+-------
        D:1 |      54 |       9 |  14.3 |      28 |       4 |  12.5
        D:2 |      54 |       0 |   0.0 |      14 |       0 |   0.0
        D:3 |      89 |       0 |   0.0 |      23 |       0 |   0.0
        D:4 |     203 |       0 |   0.0 |      16 |       0 |   0.0
        D:5 |     849 |     222 |  20.7 |      19 |       3 |  13.6
        D:6 |     538 |      76 |  12.4 |      17 |       4 |  19.0
        D:7 |     849 |       0 |   0.0 |      16 |       0 |   0.0
        D:8 |    1670 |    1642 |  49.6 |      28 |      14 |  33.3
        D:9 |    3967 |     405 |   9.3 |      25 |       4 |  13.8
       D:10 |     700 |    3579 |  83.6 |       9 |      27 |  75.0
       D:11 |    3652 |       0 |   0.0 |      15 |       0 |   0.0
       D:12 |    4675 |     812 |  14.8 |      21 |       1 |   4.5
       D:13 |   10016 |    8038 |  44.5 |      36 |       9 |  20.0
       D:14 |    2010 |    7065 |  77.9 |       9 |      10 |  52.6
       D:15 |   12770 |    4215 |  24.8 |      18 |       3 |  14.3
     Lair:1 |    5594 |     455 |   7.5 |      24 |       1 |   4.0
     Lair:2 |    4496 |    3131 |  41.1 |      17 |       7 |  29.2
     Lair:3 |    6877 |    2207 |  24.3 |      22 |       6 |  21.4
     Lair:4 |    9381 |     210 |   2.2 |      29 |       5 |  14.7
     Lair:5 |   17392 |   15549 |  47.2 |      57 |      74 |  56.5
    Swamp:1 |   13705 |       0 |   0.0 |      25 |       0 |   0.0
    Swamp:2 |   25605 |    1804 |   6.6 |      43 |       1 |   2.3
    Swamp:3 |    6336 |       0 |   0.0 |      13 |       0 |   0.0
    Swamp:4 |   14747 |   19206 |  56.6 |      24 |      48 |  66.7
    Snake:1 |   13175 |    6123 |  31.7 |      26 |       4 |  13.3
    Snake:2 |   18739 |    1837 |   8.9 |      38 |       4 |   9.5
    Snake:3 |   15420 |       0 |   0.0 |      28 |       0 |   0.0
      Orc:1 |    1929 |       0 |   0.0 |      24 |       0 |   0.0
      Orc:2 |    1984 |    7296 |  78.6 |      26 |      37 |  58.7
   Vaults:1 |   18393 |   17937 |  49.4 |      34 |      29 |  46.0
   Vaults:2 |    4358 |    1602 |  26.9 |       5 |       2 |  28.6
            +---------+---------+-------+---------+---------+-------
